 Dungeon Crawl Stone Soup version 0.26-b1-25-gafae2e710b (webtiles) character file.

Game seed: 5318329470722824456

249 eliilek the Shield-Bearer (level 5, 0/40 HPs)
             Began as a Minotaur Fighter on Jan 3, 2021.
             Succumbed to a worker ant's poison
             ... on level 3 of the Dungeon.
             The game lasted 00:11:45 (4831 turns).

eliilek the Shield-Bearer (Minotaur Fighter)        Turns: 4831, Time: 00:11:45

Health: 0/40       AC:  9    Str: 22    XL:     5   Next: 86%
Magic:  4/4        EV: 10    Int:  7    God:
Gold:   101        SH: 10    Dex:  9    Spells: 4/4 levels left

rFire    . . .     SeeInvis .   a - +0 flail
rCold    . . .     Faith    .   c - +0 kite shield
rNeg     . . .     Spirit   .   m - +0 chain mail
rPois    .         Reflect  .   (helmet restricted)
rElec    .         Harm     .   (no cloak)
rCorr    .         Rampage  .   (no gloves)
Will     +....                  (no boots)
Stlth    ..........             p - amulet of inaccuracy (curse)
HPRegen  0.13/turn              f - +4 ring of evasion
MPRegen  0.09/turn              n - ring of willpower

@: mighty, brilliant, lethally poisoned (0 -> -5), hasted, very quick
A: retaliatory headbutt, horns 2, blurry vision 1, clever 1, frail 1
a: no special abilities


You were on level 3 of the Dungeon.
You visited 1 branch of the dungeon, and saw 4 of its levels.

You collected 101 gold pieces.

Inventory:

Hand Weapons
 a - a +0 flail (weapon)
Missiles
 o - 79 stones
 r - 17 poisoned darts (quivered)
Armour
 c - a +0 kite shield (worn)
 m - a +0 chain mail (worn)
Jewellery
 f - a +4 ring of evasion (left hand)
 k - an uncursed ring of flight
 n - a ring of willpower (right hand)
 p - a cursed amulet of inaccuracy (around neck)
Scrolls
 b - a scroll of immolation
 e - a scroll of enchant armour
 g - 3 scrolls of teleportation
 i - 6 scrolls of identify
Potions
 h - a potion of cancellation


   Skills:
 - Level 3.6 Fighting
 * Level 5.0 Maces & Flails
 + Level 4.8 Armour
 * Level 5.7 Shields


You had 4 spell levels left.
You didn't know any spells.
Your spell library contained the following spells:

 Spells                   Type           Power        Failure   Level
 Animate Skeleton         Necr           0%           100%        1
 Apportation              Tloc           0%           100%        1
 Corona                   Hex            0%           100%        1
 Summon Small Mammal      Summ           0%           100%        1


Dungeon Overview and Level Annotations

Branches:
Dungeon (4/15)
 Temple: D:4-7

Altars:
Dithmenos
Qazlal


Innate Abilities, Weirdness & Mutations

You reflexively headbutt those who attack you in melee.
You have a pair of horns on your head.
Scrolls take you a little longer to read.
Your mind is acute. (Int +2)
You are frail. (-10% HP)


Message History

You feel sick.
There is a stone staircase leading up here.
Okay, then.
Sorry, you're not good enough to have a special ability.
It was a potion of brilliance.
You feel clever all of a sudden.
It was a potion of haste.
You feel yourself speed up.
* * * LOW HITPOINT WARNING * * *
You feel sick.
It was a potion of mutation.
You feel extremely strange.
You feel frail.
Your vision blurs.
You feel clever.
* * * LOW HITPOINT WARNING * * *
You feel sick.
Okay, then.
There is a lethal amount of poison in your body!
You climb upwards.
* * * LOW HITPOINT WARNING * * *
You feel sick.
There is a stone staircase leading down here.
You die...

##...##.##.#.####..............#
.....##.##.#.##................#
...........#.##.#....###.......##
.##..##.##)#.......#.##..........
...........####.#..#.###.......##
.##..............#.#.....#####.##
.....##....##.#.>#.###########.#.
<....##..........#.............#.
................@###############.
.#.#......#####..# #.# ##
......#..........########.#
.#........................#
.....>....#####......####.#
.#...#....# #..##.## ##.#######
.#..##....# #<..#.# #.........
....##....#####.....# #.........
..............#...### #.........


There were no monsters in sight!

Vanquished Creatures
  An orc priest (D:3)
  Natasha (thrice) (D:2)
  2 worker ants (D:4)
  3 adders
  3 worms
  2 leopard geckos
  4 orcs (D:3)
  6 bats
  5 giant cockroaches
  5 goblins
  4 hobgoblins
  2 jackals (D:3)
  8 kobolds
  A quokka (D:3)
  2 ball pythons
  5 frilled lizards
  5 rats
61 creatures vanquished.

Vanquished Creatures (others)
  2 fungi (D:1)
2 creatures vanquished.

Grand Total: 63 creatures vanquished

Notes
Turn   | Place    | Note
-------+----------+-------------------------------------------
     0 | D:1      | eliilek the Minotaur Fighter began the quest for the Orb.
     0 | D:1      | Reached XP level 1. HP: 19/19 MP: 0/0
    67 | D:1      | Reached XP level 2. HP: 13/26 MP: 1/1
  1131 | D:2      | Noticed Natasha
  1131 | D:2      | You fall into a shaft and drop 1 floor!
  1137 | D:3      | Reached XP level 3. HP: 31/31 MP: 2/2
  1367 | D:3      | Reached XP level 4. HP: 39/39 MP: 3/3
  1467 | D:2      | Found a stormy altar of Qazlal.
  1908 | D:2      | Killed Natasha
  1909 | D:2      | Reached skill level 5 in Shields
  2463 | D:3      | Found a shadowy altar of Dithmenos.
  2558 | D:3      | Reached XP level 5. HP: 45/45 MP: 4/4
  3136 | D:2      | Noticed Natasha
  3147 | D:2      | Killed Natasha
  3684 | D:2      | Found a stormy altar of Qazlal.
  4143 | D:2      | Noticed Natasha
  4165 | D:2      | Killed Natasha
  4823 | D:4      | Reached skill level 5 in Maces & Flails
  4826 | D:4      | HP: 2/45 [poisoned by a worker ant]
  4827 | D:4      | Gained mutation: You are frail. (-10% HP) [potion of
                  | mutation]
  4827 | D:4      | Gained mutation: Scrolls take you a little longer to read.
                  | [potion of mutation]
  4827 | D:4      | Gained mutation: Your mind is acute. (Int +2) [potion of
                  | mutation]
  4831 | D:3      | Succumbed to a worker ant's poison

Illustrated notes

Levels and vault maps discovered:
D:1:      tarquinn_simple_flora_water_d, layout_basic, minmay_surrounded
D:2:      layout_loops_corners, serial_rivers, chequers_serial_rivers_room_a,
          chequers_serial_rivers_small_b, chequers_serial_rivers_micro_e,
          chequers_serial_rivers_room_b, chequers_serial_rivers_large_a,
          grunt_qazlal_clouds, uniq_natasha
D:3:      layout_basic, grunt_dithmenos_smoke_and_mirrors
D:4:      layout_cave_pools, kennysheep_okawaru_gauntlet, st_stairs_10,
          minmay_fractal_squares_5

Skill      XL: |  1  2  3  4  5 |
---------------+----------------+-----
Shields        | 4 5 |  5.7
Maces & Flails | 3 4 5 |  5.0
Armour         | 4 |  4.8
Fighting       | |  3.6

Action                   |  1- 3 |  4- 6 || total
-------------------------+-------+-------++-------
Melee: Flail             |    97 |   176 ||   273
       Headbutt          |    15 |    14 ||    29
  Use: Scroll            |       |     7 ||     7
       Potion            |       |     4 ||     4
Armor: Scale mail        |    28 |       ||    28
       Chain mail        |     3 |    53 ||    56
Dodge: Dodged            |    21 |    51 ||    72
Block: Kite shield       |    48 |    87 ||   135
